 Dungeon Crawl Stone Soup version 0.27.1 (webtiles) character file.

Game seed: 3024125056092974225

15433 nxtlvl the Grappler (level 12, -8/109 HPs)
             Began as a Troll Abyssal Knight on Sept 4, 2021.
             Was an Elder of Lugonu.
             Mangled by a black mamba (15 damage)
             ... on level 3 of the Lair of Beasts.
             The game lasted 00:37:43 (3995 turns).

nxtlvl the Grappler (Troll Abyssal Knight)          Turns: 3995, Time: 00:37:44

Health: -8/109     AC:  8    Str: 23    XL:     12   Next: 1%
Magic:  3/16       EV:  6    Int: 12    God:    Lugonu [****..]
Gold:   639        SH: 18    Dex:  9    Spells: 11/11 levels left

rFire    . . .     SeeInvis .     - Unarmed
rCold    + . .     Faith    .   c - +2 tower shield
rNeg     . . .     Spirit   .   B - +0 acid dragon scales
rPois    +         Reflect  .   (helmet restricted)
rElec    .         Harm     .   (no cloak)
rCorr    +         Rampage  .   (gloves unavailable)
Will     .....                  (boots unavailable)
Stlth    +.........             (no amulet)
HPRegen  1.28/turn              j - ring of poison resistance
MPRegen  0.15/turn              k - ring of protection from cold

@: no status effects
A: large, unfitting armour, claws 3, regeneration 1, shaggy fur 1, tough skin 1
a: Renounce Religion, Depart the Abyss, Bend Space, Banish, Corrupt


You were on level 3 of the Lair of Beasts.
You worshipped Lugonu.
Lugonu was greatly pleased with you.
You visited 2 branches of the dungeon, and saw 16 of its levels.
You visited the Abyss 1 time.

You collected 639 gold pieces.

Inventory:

Hand Weapons
 a - a +4 hunting sling
Missiles
 h - 133 sling bullets
 x - 7 large rocks
 y - 2 throwing nets
Armour
 b - a +2 robe of willpower
 c - a +2 tower shield (worn)
 A - a +2 robe of cold resistance
 B - +0 acid dragon scales (worn)
Jewellery
 j - a ring of poison resistance (left claw)
 k - a ring of protection from cold (right claw)
 z - a ring of ice
 F - a ring of magical power
Wands
 g - a wand of flame (43)
 t - a wand of acid (7)
 G - a wand of paralysis (12)
Scrolls
 e - a scroll of brand weapon
 f - a scroll of enchant weapon
 n - 5 scrolls of teleportation {unknown}
 s - 3 scrolls of fear
 u - a scroll of immolation
 v - 2 scrolls of blinking {unknown}
 w - a scroll of summoning {unknown}
 C - a scroll of enchant armour {unknown}
 D - a scroll of fog {unknown}
Potions
 d - 3 potions of lignification {unknown}
 i - 3 potions of curing {unknown}
 l - a potion of brilliance
 m - 2 potions of heal wounds {unknown}
 o - a potion of mutation
 p - 6 potions of haste
 q - 3 potions of berserk rage {unknown}
 r - 3 potions of might
Miscellaneous
 E - a box of beasts


   Skills:
 + Level 4.4 Fighting
 + Level 4.0 Throwing
 - Level 1.9 Dodging
 + Level 6.7 Shields
 * Level 14.1 Unarmed Combat
 + Level 7.7 Invocations


You had 11 spell levels left.
You didn't know any spells.
Your spell library contained the following spells:

 Spells                   Type           Power      Damage    Failure   Level
 Gell's Gravitas          Tloc           0%         N/A       100%        3
 Lesser Beckoning         Tloc           0%         N/A       100%        3
 Portal Projectile        Hex/Tloc       0%         N/A       100%        3
 Teleport Other           Tloc           0%         N/A       100%        3
 Blade Hands              Tmut           0%         N/A       100%        5
 Excruciating Wounds      Necr           0%         N/A       100%        5


Dungeon Overview and Level Annotations

Branches:
Dungeon (12/15)            Temple (0/1) D:4            Lair (4/6) D:10
  Swamp (0/4) Lair:2       Spider (0/4) Lair:2
    Orc: D:9-12

Altars:
Ashenzari
Dithmenos
Fedhas
Gozag
Nemelex Xobeh
Qazlal

Shops:
D:2 =   D:5 *   D:10 !(

Annotations:
Lair:4 Snorg


Innate Abilities, Weirdness & Mutations

You are too large for most types of armour.
You have claws for hands.
Your natural rate of healing is unusually fast.
You are covered in fur. (AC +1)
You have tough skin. (AC +1)


Message History

Press: ? - help, Shift-Dir - straight line, f/p - seven-headed hydra
Aim: a seven-headed hydra (chance to affect: 55%)
The seven-headed hydra resists with significant effort.
You can no longer gate yourself to the Abyss.
The seven-headed hydra bites you but does no damage.
The seven-headed hydra bites you.
You block the seven-headed hydra's attack. x3
The seven-headed hydra bites you but does no damage.
The seven-headed hydra barely misses you.
Found 2 silver javelins.
The seven-headed hydra bites you!
You block the seven-headed hydra's attack. x2
The seven-headed hydra barely misses you.
The seven-headed hydra bites you! x2
The seven-headed hydra bites you but does no damage.
A yak comes into view.
The yak bellows!
A yak comes into view.
The yak moves out of view.
The yak bellows!
You hear an angry hiss.
You block the seven-headed hydra's attack.
The seven-headed hydra bites you. The seven-headed hydra bites you!
The seven-headed hydra bites you but does no damage.
You block the seven-headed hydra's attack.
The seven-headed hydra bites you!
* * * LOW HITPOINT WARNING * * *
The seven-headed hydra bites you!
* * * LOW HITPOINT WARNING * * *
A black mamba and a yak come into view.
The black mamba hisses angrily.
A bullfrog comes into view.
You block the yak's attack. You block the black mamba's attack.
You block the yak's attack.
Unknown command.
You block the black mamba's attack. The yak gores you!
* * * LOW HITPOINT WARNING * * *
The black mamba bites you!
* * * LOW HITPOINT WARNING * * *
You block the bullfrog's attack.
Found 18 gold pieces.
The black mamba bites you!
You die...

#. ##(.........# #..
##..........# #..#
###...........#
....####.#P..........#
...................##
......YD...........#
#..#YFY##......####
##.S###...### #@.#
#P...# #...# ##.....
....... .....
..........$.....
#..#.....###... ##
##...## .. .#..# .
##....


You could see a seven-headed hydra, a black mamba, 3 yaks and a bullfrog.

Vanquished Creatures
  Fannar (D:10)
  The ghost of Munclebunn the Grappler, a journeyman DrTm of Okawaru (D:10)
  Pikel (D:7)
  An ugly thing (D:10)
  A cyclops (D:10)
  An elephant (Lair:1)
  A black mamba (Lair:3)
  2 cane toads
  2 komodo dragons (Lair:3)
  3 polar bears
  2 hornets (D:9)
  Prince Ribbit (D:8)
  A blink frog (Lair:4)
  29 yaks
  A redback (D:10)
  2 basilisks
  2 vampire mosquitoes (Lair:2)
  Grum (D:8)
  Edmund (D:5)
  2 acid dragons
  7 water moccasins
  3 orc warriors
  2 ice beasts (D:7)
  A sky beast (D:5)
  A necrophage (D:5)
  2 black bears
  2 centaurs (D:9)
  2 wolves (D:8)
  2 lemures (D:7)
  2 kobold brigands
  5 bullfrogs
  2 gnoll sergeants
  3 scorpions
  2 water moccasin zombies (D:7)
  6 wights
  14 killer bees
  3 howler monkeys (D:10)
  A bullfrog zombie (D:7)
  A jelly (D:8)
  2 orc priests (D:7)
  2 gnoll shamans
  3 bullfrog skeletons (D:5)
  An iguana (D:4)
  2 orc wizards
  4 hell rats (Lair:1)
  2 killer bee zombies
  A hound skeleton (D:5)
  15 gnolls
  3 adders
  2 white imps
  25 orcs
  2 ball pythons
  An endoplasm (D:3)
  A frilled lizard (D:3)
  7 kobolds
  2 rats
192 creatures vanquished.

Vanquished Creatures (others)
  7 fungi
  22 plants
29 creatures vanquished.

Grand Total: 221 creatures vanquished

Notes
Turn   | Place    | Note
-------+----------+-------------------------------------------
     0 | Abyss:1  | nxtlvl the Troll Abyssal Knight began the quest for the
                  | Orb.
     0 | Abyss:1  | Reached XP level 1. HP: 22/22 MP: 1/1
    53 | D:1      | Escaped the Abyss
    96 | D:2      | Found Fudahoveow's Jewellery Shop.
   104 | D:2      | Reached XP level 2. HP: 25/29 MP: 2/2
   132 | D:2      | Reached skill level 3 in Unarmed Combat
   137 | D:3      | Found a stormy altar of Qazlal.
   273 | D:5      | Entered Level 5 of the Dungeon
   278 | D:5      | Found Vojuw's Serpentskin Sales.
   278 | D:5      | Noticed a water moccasin
   292 | D:5      | Found an opulent altar of Gozag.
   355 | D:5      | Noticed Edmund
   389 | D:5      | Killed Edmund
   390 | D:5      | Reached skill level 5 in Unarmed Combat
   390 | D:5      | Reached XP level 3. HP: 16/36 MP: 3/3
   390 | D:5      | Reached XP level 4. HP: 20/44 MP: 4/4
   390 | D:5      | Reached XP level 5. HP: 23/50 MP: 5/5
   421 | D:5      | Killed a water moccasin
   422 | D:5      | Reached skill level 6 in Unarmed Combat
   452 | D:5      | Reached XP level 6. HP: 23/59 MP: 6/6
   542 | D:5      | Reached skill level 7 in Unarmed Combat
   566 | D:6      | Noticed a sky beast
   601 | D:5      | Reached ** piety under Lugonu
   617 | D:5      | Noticed a sky beast
   624 | D:5      | Killed a sky beast
   625 | D:5      | Reached XP level 7. HP: 59/66 MP: 7/7
   672 | D:5      | Reached skill level 8 in Unarmed Combat
   766 | D:5      | Reached skill level 9 in Unarmed Combat
   771 | D:4      | Found a staircase to the Ecumenical Temple.
   863 | D:4      | Found a sparkling altar of Nemelex Xobeh.
   924 | D:4      | You fall into a shaft and drop 2 floors!
  1000 | D:7      | Reached XP level 8. HP: 74/74 MP: 8/8
  1028 | D:7      | Reached skill level 1 in Shields
  1118 | D:7      | Noticed Pikel
  1126 | D:7      | Killed Pikel
  1127 | D:7      | Reached skill level 10 in Unarmed Combat
  1154 | D:7      | Identified the +3 trident "Qeulec" {freeze, +Blink}
  1290 | D:8      | Identified the +5 mace "Qoew" {drain, rC- rCorr Int+3
                  | Dex+4}
  1301 | D:9      | Noticed a hornet
  1345 | D:8      | Reached XP level 9. HP: 75/80 MP: 10/10
  1409 | D:8      | Noticed Prince Ribbit
  1435 | D:8      | Killed Prince Ribbit
  1474 | D:8      | Reached *** piety under Lugonu
  1492 | D:8      | Reached skill level 11 in Unarmed Combat
  1509 | D:8      | Found a broken altar of Ashenzari.
  1509 | D:8      | Noticed Grum
  1523 | D:8      | Killed Grum
  1590 | D:8      | Reached skill level 5 in Invocations
  1971 | D:9      | Reached skill level 12 in Unarmed Combat
  1971 | D:9      | Reached XP level 10. HP: 74/88 MP: 11/13
  2032 | D:9      | Found a shadowy altar of Dithmenos.
  2041 | D:10     | Entered Level 10 of the Dungeon
  2086 | D:9      | Found a blossoming altar of Fedhas.
  2314 | D:10     | Found Jaqu's Weapon Shoppe.
  2345 | D:10     | Found a staircase to the Lair.
  2346 | D:10     | Found Ocuatieg's Distillery.
  2413 | D:10     | Reached **** piety under Lugonu
  2414 | D:10     | Reached skill level 5 in Shields
  2441 | D:10     | Noticed a brown ugly thing
  2534 | D:10     | Found a runed translucent gate.
  2534 | D:10     | Found a runed translucent gate.
  2534 | D:10     | Found a runed translucent gate.
  2565 | D:10     | Noticed Munclebunn's ghost (journeyman DrTm)
  2614 | D:10     | Killed Munclebunn's ghost
  2666 | D:10     | Found Jixtosk's Assorted Antiques.
  2667 | D:10     | Noticed a cyclops
  2695 | D:10     | Reached skill level 13 in Unarmed Combat
  2703 | D:10     | Killed a cyclops
  2704 | D:10     | Reached skill level 1 in Throwing
  2857 | D:10     | Noticed Fannar
  2884 | D:10     | Killed Fannar
  2885 | D:10     | Reached XP level 11. HP: 60/97 MP: 13/15
  3025 | D:10     | Killed a brown ugly thing
  3065 | Lair:1   | Entered Level 1 of the Lair of Beasts
  3094 | Lair:1   | Reached ***** piety under Lugonu
  3428 | Lair:2   | Found a hole to the Spider Nest.
  3622 | Lair:2   | Found a staircase to the Swamp.
  3757 | Lair:3   | Reached skill level 14 in Unarmed Combat
  3855 | Lair:4   | Noticed Snorg
  3893 | Lair:3   | Reached XP level 12. HP: 92/109 MP: 16/16
  3971 | Lair:3   | Noticed a seven-headed hydra
  3994 | Lair:3   | HP: 5/109 [black mamba (10)]
  3995 | Lair:3   | Mangled by a black mamba

Illustrated notes

Levels and vault maps discovered:
D:1:      heliophobic_arrival_ceremonial_halls, layout_loops_ring,
          ebering_ecumenical_altar_hall, serial_rivers,
          chequers_serial_rivers_room_a, chequers_serial_rivers_small_a,
          chequers_serial_rivers_marsh, chequers_serial_rivers_room_b,
          chequers_serial_rivers_large_b
D:2:      layout_basic, serial_shops, nicolae_shop_stone, minmay_rat_hole,
          uniq_robin
D:3:      layout_basic, amcnicky_altar_gilded, uniq_jessica
D:4:      layout_rooms, nemelex_xobeh_ov_fountains_minmay,
          chequers_temple_overflow_statue_of_worship, temple_pool_b,
          uniq_crazy_yiuf_cottage
D:5:      minmay_inner_zag, layout_cave_pods,
          nicolae_gozag_cash_rules_everything_around_me, guppyfry_shop_venom,
          uniq_edmund
D:6:      layout_basic, uniq_menkaure
D:7:      layout_basic, uniq_pikel
D:8:      cheibrodos_quashed, layout_cave_pods, kennysheep_little_box,
          moated_statue, uniq_prince_ribbit1, uniq_grum, uniq_joseph
D:9:      layout_basic, grunt_dithmenos_smoke, mainiacjoe_overflow_boulevard,
          david_orc_5
D:10:     layout_irregular_city, mainiacjoe_overflow_paths, lair_entry_dummy,
          ebering_ghost_rock_garden, serial_shops, shop, shop, shop,
          minmay_three_doors, uniq_fannar
D:11:     layout_loops_ring, serial_shops, shop
D:12:     gammafunk_worm_tunnel, layout_long_grid, special_room
          [special_room_bee], uniq_azrael
Lair:1:   layout_roguey, lemuel_fruit_fields, grunt_megastairs_3, uniq_maggie
Lair:2:   layout_roguey, minmay_swamp_entry_swarm,
          nicolae_spider_entry_tight_spaces
Lair:3:   layout_small_grid, serial_bayou_lagoon_a
Lair:4:   layout_misc_corridors, grunt_megastairs_5, uniq_nessos, uniq_snorg,
          uniq_urug

Skill      XL: |  1  2  3  4  5  6  7  8  9 10 11 |
---------------+----------------------------------+-----
Unarmed Combat | 5 6 7 9 10 12 13 14 | 14.1
Shields        | 2 4 5 6 |  6.7
Invocations    | 3 5 6 7 |  7.7
Throwing       | 1 4 |  4.0
Fighting       | 3 4 |  4.4
Dodging        | |  1.9

Action                   |  1- 3 |  4- 6 |  7- 9 | 10-12 || total
-------------------------+-------+-------+-------+-------++-------
Melee: Unarmed           |    37 |    45 |   251 |   479 ||   812
       Punch             |       |     1 |     1 |       ||     2
 Fire: Hunting sling     |       |       |     2 |       ||     2
Invok: Banish            |       |       |       |     4 ||     4
Evoke: Wand              |       |       |     6 |     4 ||    10
  Use: Scroll            |     1 |       |       |     7 ||     8
 Stab: Sleeping          |     1 |       |     1 |       ||     2
Armor: Robe              |    11 |     9 |    49 |    25 ||    94
       Acid dragon scale |       |       |       |    74 ||    74
Dodge: Dodged            |     9 |    17 |    51 |    60 ||   137
Block: Tower shield      |       |       |   182 |   412 ||   594
